 Dungeon Crawl Stone Soup version 0.30-a0-782-ge64f9170bb (webtiles) character file.

Game seed: 18283310790033617467

2214 112233 the Fighter (level 9, -8/106 HPs)
             Began as an Octopode Fighter on Feb 25, 2023.
             Killed from afar by a deep elf zephyrmancer (28 damage)
             ... with a bolt of lightning
             ... in a bailey.
             The game lasted 00:07:18 (7290 turns).

112233 the Fighter (Octopode Fighter)               Turns: 7290, Time: 00:07:18

Health: -8/106     AC: 24    Str: 15    XL:     9   Next: 35%
Magic:  9/9        EV:  2    Int: 13    God:
Gold:   464        SH:  5    Dex: 13    Spells: 8/8 levels left

rFire   . . .      SeeInvis .      - Unarmed
rCold   . . .      Faith    .    a - +0 buckler
rNeg    . . .      Spirit   .    (helmet currently unavailable)
rPois   +          Reflect  .    (no amulet)
rElec   .          Harm     .    (no ring)
rCorr   .          Rampage  .    (no ring)
Will    .....      NoTele   +    (no ring)
Stlth   +                        (no ring)
HPRegen 0.37/turn                (no ring)
MPRegen 0.11/turn                (no ring)
                                 (no ring)
                                 (no ring)

@: tree-form
A: stationary, stasis, torment immunity, boosted hp, almost no armour,
(amphibious), 8 rings, (camouflage 1), (gelatinous body 1), (nimble swimmer 1),
(tentacles), (antennae 1), wild magic 1
a: no special abilities


You were in a bailey.
You were a tree.
You visited 2 branches of the dungeon, and saw 8 of its levels.
You also visited: Bailey.

You collected 486 gold pieces.
You spent 22 gold pieces at shops.

Inventory:

Missiles
 k - 2 throwing nets
Armour
 a - a +0 buckler (worn)
 g - a +2 hat (melded)
Jewellery
 p - an amulet of reflection
 w - a +6 ring of intelligence
Wands
 v - a wand of light (12)
Scrolls
 b - a scroll of fear {unknown}
 c - 7 scrolls of identify {unknown}
 f - 4 scrolls of vulnerability {unknown}
 h - a scroll of teleportation {unknown}
 i - a scroll of amnesia {unknown}
 l - 2 scrolls of poison {unknown}
 o - a scroll of enchant armour {unknown}
 r - a scroll of enchant weapon {unknown}
 s - a scroll of blinking {unknown}
 t - a scroll of brand weapon {unknown}
Potions
 d - 2 potions of flight
 e - 4 potions of mutation
 j - 2 potions of attraction
 m - a potion of degeneration {unknown}
 u - 2 potions of haste {unknown}


   Skills:
 + Level 10.8 Fighting
 + Level 4.3 Dodging
 + Level 4.2 Shields
 * Level 4.8 Unarmed Combat


You had 8 spell levels left.
You didn't know any spells.
Your spell library contained the following spells:

 Spells                   Type           Power      Damage    Failure   Level
 Blink                    Tloc           0%         N/A       61%         2
 Lesser Beckoning         Tloc           0%         N/A       61%         2
 Momentum Strike          Conj/Tloc      0%         3d8       61%         2
 Scorch                   Fire           0%         2d5       61%         2
 Inner Flame              Hex/Fire       0%         N/A       82%         3
 Stone Arrow              Conj/Erth      0%         3d7       82%         3
 Flame Wave               Conj/Fire      0%         2d4       99%         4
 Sticky Flame             Conj/Fire      0%         2d3       99%         4
 Summon Cactus Giant      Summ           0%         N/A       100%        6
 Lehudib's Crystal Spear  Conj/Erth      0%         10d2      100%        8
 Animate Armour           Summ/Erth      Unusable   N/A       N/A         4

Dungeon Overview and Level Annotations

Branches:
Dungeon (7/15)             Temple (1/1) D:6          Bailey (1/1)

Altars:
Ashenzari
Fedhas
Kikubaaqudgha
Makhleb
Nemelex Xobeh
Ru
Vehumet
Yredelemnul
Zin
The Shining One
Lugonu

Shops:
D:1 *   D:2 :([?   D:3 *

Annotations:
D:4 Dowan, Duvessa


Innate Abilities, Weirdness & Mutations

You are a tree.
Your roots penetrate the ground, keeping you stationary.
You cannot be teleported.
You are immune to unholy pain and torment.
Your maximum health is greatly increased.
You cannot wear most types of armour.
((You are amphibious.))
You can wear up to eight rings at the same time.
((Your skin changes colour to match your surroundings (Stealth+).))
((Your rubbery body absorbs attacks. (AC +1, EV +1)))
((You are camouflaged when in or above water. (Stealth+)))
((You have tentacles for arms and can constrict up to eight enemies at once.))
((You have a pair of small antennae on your head.))
Your spells are a little harder to cast, but a little more powerful.


Message History

The orc knight shouts!
The deep elf zephyrmancer shouts!
Unknown command.
There is a large open door here.
An orc knight is nearby!
You enter the deep water.
Aiming: Bolt of Light
Press: ? - help, Shift-Dir - straight line, f - orc knight
Aim: an orc knight, wielding a +0 glaive and wearing a +0 chain mail (68% to hit)
The bolt of light hits the orc knight!
The orc knight is lightly wounded.
The orc knight is blinded.
You enter the deep water.
Okay, then.
The puff of flame hits the orc knight.
The orc knight is lightly wounded.
The now-empty wand crumbles to dust.
Okay, then.
It was a potion of curing.
You feel better.
No target in view!
There is a large open door here.
You close the large door.
Found 14 gold pieces and a glowing long sword.
Found 17 gold pieces.
Okay, then.
You open the large door.
The deep elf zephyrmancer casts a spell at you.
The bolt of lightning hits you!! x2
* * * LOW HITPOINT WARNING * * *
Really quaff the potion of lignification?
You turn into a tree.
Your +2 hat melds into your body.
Your roots penetrate the ground.
The deep elf zephyrmancer casts a spell at you.
The bolt of lightning hits you!
* * * LOW HITPOINT WARNING * * *
The bolt of lightning hits you!
* * * LOW HITPOINT WARNING * * *
You feel better.
The deep elf zephyrmancer gestures at you while chanting.
The bolt of lightning hits you!!
You die...

###
#..##########.$
#..............
##...8.♣..8...#
#..###''###..#
#..##.e..# #
#..#......#..#
#..#..##..#..#
#..#..# ..#..#
#..#!![?:$#..#
#..##)$![##..#
#..########..#


You could see a deep elf zephyrmancer.

Vanquished Creatures
  Sigmund (D:2)
  A water moccasin (D:3)
  5 orc warriors
  3 ogres
  3 black bears
  A phantom (D:6)
  4 scorpions
  A necrophage (D:5)
  A jelly (D:6)
  A howler monkey (D:5)
  3 hounds
  2 orc priests
  Terence (D:2)
  An iguana (D:7)
  An orc wizard (D:6)
  8 adders
  4 gnolls (D:6)
  A shadow imp (D:4)
  2 white imps
  An ufetubus (D:6)
  2 worms
  4 dart slugs
  23 orcs
  7 endoplasms
  4 giant cockroaches
  5 hobgoblins
  11 quokkas
  9 ball pythons
  5 bats
  A frilled lizard (D:3)
  12 goblins
  7 kobolds
  7 rats
142 creatures vanquished.

Notes
Turn   | Place    | Note
-------+----------+-------------------------------------------
     0 | D:1      | 112233 the Octopode Fighter began the quest for the Orb.
     0 | D:1      | Reached XP level 1. HP: 16/16 MP: 1/1
   179 | D:1      | Found a faded altar of an unknown god.
   241 | D:1      | Found Joynacw's Assorted Antiques.
   243 | D:1      | Reached XP level 2. HP: 21/21 MP: 2/2
   260 | D:1      | Bought a bubbling red potion for 22 gold pieces
   640 | D:2      | Found Souty's Magic Scroll Boutique.
   643 | D:2      | Found Setry's Antique Armour Shop.
   700 | D:2      | Reached skill level 4 in Fighting
   736 | D:2      | Reached XP level 3. HP: 12/27 MP: 3/3
   854 | D:2      | Found Xunyrhas's Book Shop.
   903 | D:2      | Found Igogahom's Antique Weapon Boutique.
   945 | D:2      | Found Rypraketia's Book Shoppe.
  1075 | D:2      | Noticed Sigmund
  1088 | D:2      | Killed Sigmund
  1089 | D:2      | Reached skill level 6 in Fighting
  1089 | D:2      | Reached XP level 4. HP: 3/36 MP: 4/4
  1089 | D:2      | Reached XP level 5. HP: 4/42 MP: 5/5
  1563 | D:2      | Noticed Terence
  1568 | D:2      | Killed Terence
  1569 | D:2      | Reached XP level 6. HP: 38/47 MP: 6/6
  1801 | D:3      | Found Fanioruf's General Store.
  2307 | D:3      | Reached skill level 7 in Fighting
  2390 | D:3      | Noticed a water moccasin
  2396 | D:3      | Gained mutation: Your spells are a little harder to cast,
                  | but a little more powerful. [potion of mutation]
  2396 | D:3      | Gained mutation: You have a pair of small antennae on your
                  | head. [potion of mutation]
  2401 | D:3      | Killed a water moccasin
  2476 | D:3      | Reached XP level 7. HP: 17/54 MP: 7/7
  2864 | D:3      | Found a broken altar of Ashenzari.
  3052 | D:4      | Reached skill level 8 in Fighting
  3191 | D:4      | Noticed Duvessa
  3192 | D:4      | Noticed Dowan
  3205 | D:5      | Entered Level 5 of the Dungeon
  3571 | D:5      | Reached skill level 9 in Fighting
  3573 | D:5      | Reached XP level 8. HP: 35/63 MP: 8/8
  3967 | D:5      | Reached skill level 10 in Fighting
  3971 | D:5      | Found a radiant altar of Vehumet.
  4398 | D:4      | Found a glowing golden altar of the Shining One.
  4905 | D:6      | Found a staircase to the Ecumenical Temple.
  4931 | Temple   | Entered the Ecumenical Temple
  5007 | D:6      | Found a burning altar of Makhleb.
  5370 | D:6      | Reached XP level 9. HP: 43/71 MP: 9/9
  5462 | D:6      | Identified the +4 falchion of Action {protect, rElec Will-
                  | Dex+3 Stlth+}
  6213 | D:7      | Found a flagged portal.
  6228 | Bailey   | Entered a bailey
  7230 | Bailey   | Found a large runed translucent door.
  7230 | Bailey   | Found a large runed translucent door.
  7231 | Bailey   | Noticed a deep elf zephyrmancer
  7233 | Bailey   | Noticed an orc knight
  7290 | Bailey   | Killed from afar by a deep elf zephyrmancer

Illustrated notes

Levels and vault maps discovered:
D:1:      kilobyte_arrival_exit_the_forest, layout_rooms, serial_shops,
          nicolae_square_shop, hellmonk_ecumenical_altar_run_dry
D:2:      layout_basic, serial_shops, nicolae_shop_advertising_works
          [nicolae_subvault_shop_adworks], shop, shop_statue, shop,
          nicolae_diamond_shop, uniq_terence, uniq_sigmund
D:3:      wander_river, layout_rooms, evilmike_ruin_ashenzari, serial_shops,
          nicolae_shop_crystal, minmay_divided_ellipse
D:4:      layout_basic, nicolae_qazlal_eye_of_the_storm, minmay_ruined_shrine,
          uniq_duvessa
D:5:      layout_loops_cross, vehumet_altar_wand_db
D:6:      layout_basic, lemuel_crystal_altar, minmay_temple_entry_glass,
          chequers_serial_rivers_small_b
D:7:      layout_basic, enter_bailey_3, minmay_starry_boxes
Temple:   corrupted_temple
Bailey:   bailey_polearm_elven_captive_hellmonk, bailey

Skill      XL: |  1  2  3  4  5  6  7  8  9 |
---------------+----------------------------+-----
Fighting       | 4 6 7 9 10 | 10.8
Unarmed Combat | 3 4 |  4.8
Dodging        | 4 |  4.3
Shields        | 4 |  4.2

Action                     |  1- 3 |  4- 6 |  7- 9 || total
---------------------------+-------+-------+-------++-------
  Melee: Unarmed           |    67 |    73 |   255 ||   395
         Constrict         |    18 |    20 |    54 ||    92
         Tentacles         |    16 |    20 |    76 ||   112
         Punch             |     1 |     5 |     4 ||    10
  Evoke: Wand              |       |       |    39 ||    39
    Use: Potion            |     1 |     3 |     6 ||    10
   Stab: Sleeping          |     6 |     1 |     6 ||    13
 Armour: Skin              |     6 |    11 |    35 ||    52
  Dodge: Dodged            |    25 |    24 |   134 ||   183
  Block: Buckler           |     8 |    10 |    60 ||    78

Table legend: (Time is in decaauts)
 A = Elapsed time spent in this place.
 B = Non-inter-level travel time spent in this place.
 C = Inter-level travel time spent in this place.
 D = Time resting spent in this place.
 E = Time spent auto-exploring this place.
 F = Levels seen in this place.
 G = Mean time per level.
                   A        B        C        D        E       F      G
               +--------+--------+--------+--------+--------+-----+--------+
         Total |   7295 |   7062 |    233 |   1747 |   4102 |   9 |  810.6 |
       Dungeon |   6189 |   5968 |    221 |    973 |   4022 |   7 |  884.1 |
        Temple |     44 |     32 |     12 |      0 |     27 |   1 |   44.0 |
        Bailey |   1060 |   1060 |      0 |    774 |     53 |   1 | 1060.0 |
               +--------+--------+--------+--------+--------+-----+--------+

Top non-repeatable levels by time:
     D:3: 1284 daAuts
     D:6: 1269 daAuts
     D:5: 1182 daAuts
     D:2: 1127 daAuts
  Bailey: 1060 daAuts
     D:1: 595 daAuts
     D:4: 564 daAuts
     D:7: 166 daAuts
  Temple: 44 daAuts
